 Dungeon Crawl Stone Soup version 0.21-a0-414-gba8bdf1 (webtiles) character file.

49 Oirien the Shield-Bearer (level 3, -1/33 HPs)
             Began as a Minotaur Fighter on Nov 3, 2017.
             Slain by Grinder (8 damage)
             ... on level 3 of the Dungeon.
             The game lasted 00:03:22 (1347 turns).

Oirien the Shield-Bearer (Minotaur Fighter)         Turns: 1347, Time: 00:03:23

Health: -1/33      AC:  7    Str: 21    XL:     3   Next: 53%
Magic:  2/2        EV:  7    Int:  5    God:
Gold:   172        SH:  9    Dex:  9    Spells: 2/2 levels left

rFire    . . .     SeeInvis .   a - +0 war axe
rCold    . . .     Gourm    .   c - +0 shield
rNeg     . . .     Faith    .   b - +0 scale mail
rPois    .         Spirit   .   (helmet restricted)
rElec    .         Reflect  .   (no cloak)
rCorr    .         Harm     .   (no gloves)
MR       .....                  (no boots)
Stlth    ..........             (no amulet)
HPRegen  0.11/turn              (no ring)
MPRegen  0.08/turn              (no ring)

@: no status effects
A: retaliatory headbutt, horns 2
a: no special abilities


You were on level 3 of the Dungeon.
You were not hungry.

You visited 1 branch of the dungeon, and saw 3 of its levels.

You collected 172 gold pieces.

Inventory:

Hand Weapons
 a - a +0 war axe (weapon)
 s - a +1 spear of piercing
Armour
 b - a +0 scale mail (worn)
 c - a +0 shield (worn)
Jewellery
 g - a cursed ring of teleportation {unknown}
 h - an uncursed ring of flight {unknown}
Wands
 l - a wand of flame (17/48)
Scrolls
 e - 3 scrolls of amnesia {unknown}
 j - a scroll of noise {unknown}
 k - a scroll of random uselessness {unknown}
 m - a scroll of fog {unknown}
 p - a scroll of identify {unknown}
 q - a scroll of remove curse {unknown}
 r - a scroll of teleportation {unknown}
Potions
 d - 2 potions of might
 i - a potion of mutation {unknown}
 n - a potion of curing {unknown}
 o - a potion of ambrosia {unknown}
Comestibles
 f - 3 bread rations


   Skills:
 + Level 4.2 Fighting
 + Level 2.6 Axes
 + Level 4.2 Armour
 + Level 0.2 Dodging
 + Level 4.3 Shields


You had 2 spell levels left.
You didn't know any spells.

Dungeon Overview and Level Annotations

Branches:
Dungeon (3/15)

Altars:

Annotations:
D:3 Grinder


Innate Abilities, Weirdness & Mutations

You reflexively headbutt those who attack you in melee.
You have a pair of horns on your head.


Message History

Grinder is severely wounded.
Grinder says, "At least Makhleb appreciates what I'm doing."
Grinder gestures at you. Pain shoots through your body!
You block Grinder's attack.
You are too injured to fight recklessly!
You are too injured to fight recklessly!
You are too injured to fight recklessly!
You barely miss Grinder.
Grinder is severely wounded.
Grinder hits you.
* * * LOW HITPOINT WARNING * * *
You writhe in agony.
* * * LOW HITPOINT WARNING * * *
You closely miss Grinder.
Grinder is severely wounded.
Grinder hits you but does no damage. You block Grinder's attack.
You hit Grinder.
Grinder is severely wounded.
Grinder hits you!
You die...

#.......#
#.....# #[..#
#'# #.# #.#
##.######
##...#...#
#..@.....##
##.5.......
###.###....#...
..........## ..
###.###.##.# #
#.# ... #.#
#### #.# #.#
###########


You could see Grinder.

Vanquished Creatures
  2 oozes (D:2)
  A dart slug (D:1)
  2 leopard geckos
  A ball python (D:1)
  5 bats
  3 giant cockroaches
  5 goblins
  2 hobgoblins (D:1)
  6 kobolds
  2 quokkas
  3 frilled lizards
  3 rats
35 creatures vanquished.

Notes
Turn   | Place    | Note
-------+----------+-------------------------------------------
     0 | D:1      | Oirien the Minotaur Fighter began the quest for the Orb.
     0 | D:1      | Reached XP level 1. HP: 19/19 MP: 0/0
   137 | D:1      | Reached XP level 2. HP: 27/27 MP: 1/1
   555 | D:2      | Reached XP level 3. HP: 21/33 MP: 2/2
  1332 | D:3      | Noticed Grinder
  1347 | D:3      | Slain by Grinder

Vault maps used:
D:1:      lightli_arrival_statuegarden
D:3:      grunt_dithmenos_smoke, first_bread, uniq_grinder

Skill      XL: |  1  2 |
---------------+-------+-----
Shields        | 4 |  4.3
Armour         | 4 |  4.2
Fighting       | 4 |  4.2
Axes           | |  2.6
Dodging        | |  0.2

Action                   || total
-------------------------++-------
Melee: War axe           ||    91
       Headbutt          ||    10
  Eat: Royal jelly       ||     1
Armor: Scale mail        ||    49
Dodge: Dodged            ||    30
Block: Shield            ||    37

Table legend:
 A = Spawn XP
 B = Non-spawn XP
 C = Spawn XP percentage of total XP
 D = Spawn monster count
 E = Non-spawn monster count
 F = Spawn count percentage of total count
 G = Total turns spent on level
                    A         B        C        D         E        F      G
               +---------+---------+-------+---------+---------+-------+---------
         Total |       0 |      71 |   0.0 |       0 |      35 |   0.0 |  1347
               +---------+---------+-------+---------+---------+-------+---------
           D:1 |       0 |      37 |   0.0 |       0 |      21 |   0.0 |   474
           D:2 |       0 |      24 |   0.0 |       0 |       7 |   0.0 |   752
           D:3 |       0 |      10 |   0.0 |       0 |       7 |   0.0 |   121
               +---------+---------+-------+---------+---------+-------+---------
